[Event "Titled Tuesday Blitz October 12 2021"]
[White "Jacobson, Brandon"]
[Black "Jacobson, Aaron"]
[WhiteFideId "30901561"]
[BlackFideId "2089912"]
[WhiteElo "2362"]
[BlackElo "2265"]
[Result "1-0"]
[Round "04"]
[TimeControl "180+1"]
[Date "2021.10.12"]
[WhiteClock "0:01:13"]
[BlackClock "0:00:01"]

1. d4 Nf6 2. c4 c5 3. Nf3 cxd4 4. Nxd4 e6 5. g3 d5 6. Bg2 e5 7. Nf3 d4 8. O-O Nc6 9. e3 Be7 10. exd4 exd4 11. Re1 O-O 12. Bf4 Qb6 13. Qb3 Be6 14. Ng5 Bb4 15. Nxe6 Bxe1 16. Nxf8 Qxb3 17. axb3 Kxf8 18. Na3 Bb4 19. Nb5 Bc5 20. Nd6 Bxd6 21. Bxd6+ Ke8 22. Bc5 a6 23. Bxc6+ bxc6 24. Bxd4 Kd7 25. b4 Ne8 26. b5 cxb5 27. cxb5 a5 28. Ra4 Nd6 29. Bxg7 Nxb5 30. b4 Kc6 31. Rxa5 Re8 32. Ra6+ Kb7 33. Rh6 Re4 34. Bf8 Nc7 35. Rxh7 Kc6 36. Rxf7 Nd5 37. h4 Re2 38. h5 1-0


[Site "https://www.chess.com"]

[Event "Titled Tuesday Blitz October 12 2021"]
[White "Kamsky, Gata"]
[Black "Popovic, Milan S"]
[WhiteFideId "2000024"]
[BlackFideId "940720"]
[WhiteElo "2603"]
[BlackElo "2399"]
[Result "1-0"]
[Round "04"]
[TimeControl "180+1"]
[Date "2021.10.12"]
[WhiteClock "0:00:44"]
[BlackClock "0:00:02"]

1. e4 d6 2. d4 Nf6 3. Nc3 e5 4. Nf3 exd4 5. Nxd4 Be7 6. g3 Nc6 7. Bg2 Bg4 8. Qd2 Nxd4 9. Qxd4 O-O 10. h3 Be6 11. O-O c6 12. Be3 Qc7 13. Rad1 b6 14. b3 Rad8 15. Qd3 d5 16. exd5 Nxd5 17. Nxd5 Bxd5 18. Bxd5 Rxd5 19. Qe4 Rfd8 20. Rxd5 Rxd5 21. Bf4 Qd7 22. Re1 Bf8 23. c4 Rd1 24. Rxd1 Qxd1+ 25. Kg2 Qd7 26. g4 h6 27. Be3 Bb4 28. Bd4 Bc5 29. Bxc5 bxc5 30. Qe5 Qd2 31. a4 Qd3 32. Qe8+ Kh7 33. Qxf7 Qxb3 34. a5 a6 35. Qf5+ Kg8 36. Qxc5 Qa4 37. h4 Kh7 38. h5 Kg8 39. Kg3 Kh7 40. f3 Kg8 41. Kf4 Kf7 42. Ke5 Qd1 43. Qxc6 Qe2+ 44. Kd6 Qh2+ 45. Kd7 1-0


[Site "https://www.chess.com"]

[Event "Titled Tuesday Blitz October 12 2021"]
[White "Karpeshov, Oleg"]
[Black "Demchenko, Anton"]
[WhiteFideId "4106814"]
[BlackFideId "4160258"]
[WhiteElo "2354"]
[BlackElo "2583"]
[Result "0-1"]
[Round "04"]
[TimeControl "180+1"]
[Date "2021.10.12"]
[WhiteClock "0:01:20"]
[BlackClock "0:00:30"]

1. e4 e5 2. Nf3 Nc6 3. Bc4 Nf6 4. Ng5 d5 5. exd5 Na5 6. Bb5+ c6 7. dxc6 bxc6 8. Qf3 Be7 9. Bd3 O-O 10. h4 h6 11. Nc3 Rb8 12. a3 c5 13. Nge4 Nxe4 14. Bxe4 f5 15. Bd5+ Kh8 16. d3 Bd7 17. Qh5 Rb6 18. Qe2 Nc6 19. Bxc6 Bxc6 20. f3 Bxh4+ 21. Kd1 c4 22. Be3 Rb7 23. Kc1 cxd3 24. Qxd3 Qxd3 25. cxd3 Bf6 26. Kc2 Rc8 27. Bc5 Bxf3 28. gxf3 Rxc5 29. Rh5 Bg5 30. Re1 Kg8 31. b4 Rc8 32. Kb3 Bd2 33. Rxe5 Rxc3+ 34. Ka4 Rxd3 35. Rhxf5 Bc1 0-1


[Site "https://www.chess.com"]

[Event "Titled Tuesday Blitz October 12 2021"]
[White "Keymer, Vincent"]
[Black "Zarnicki, Pablo"]
[WhiteFideId "12940690"]
[BlackFideId "100137"]
[WhiteElo "2524"]
[BlackElo "2467"]
[Result "0-1"]
[Round "04"]
[TimeControl "180+1"]
[Date "2021.10.12"]
[WhiteClock "0:00:03"]
[BlackClock "0:00:09"]

1. Nf3 Nf6 2. c4 e6 3. Nc3 Bb4 4. g4 h6 5. Qc2 d5 6. e3 Be7 7. d4 b6 8. cxd5 exd5 9. h3 Bb7 10. Bd2 Nbd7 11. Bg2 Ne4 12. O-O O-O 13. Nxe4 dxe4 14. Ne5 Nxe5 15. dxe5 c5 16. Bc3 Qd5 17. f4 exf3 18. Bxf3 Qd7 19. Qf5 Rad8 20. e6 fxe6 21. Qg6 Bg5 22. Bxb7 Qxb7 23. Qxe6+ Kh7 24. e4 Rde8 25. Qd5 Qc7 26. e5 Rd8 27. Qe4+ Kg8 28. Rxf8+ Rxf8 29. Rf1 Rxf1+ 30. Kxf1 Qd7 31. e6 Qd1+ 32. Kg2 Be7 33. Qf3 Qc2+ 34. Kf1 Qb1+ 35. Kg2 Qc2+ 36. Kg1 Qb1+ 37. Qf1 Qxf1+ 38. Kxf1 Kf8 39. Ke2 Bf6 40. Bd2 Ke7 41. b3 Kxe6 42. Kd3 Kd5 43. Bf4 b5 44. Bb8 a6 45. Bg3 g6 46. Bf4 h5 47. gxh5 gxh5 48. Bd2 Bd4 49. Bc1 c4+ 50. bxc4+ bxc4+ 51. Ke2 Ke4 52. Bh6 Be5 53. Bc1 Bf4 54. Bb2 Be5 55. Ba3 Bd4 56. Kd2 Kf3 57. Be7 Kg3 58. h4 Kg4 59. Kc2 Be5 60. Bd8 Bg3 61. Kc3 Bxh4 62. Bb6 Bg3 63. Kxc4 h4 64. Kd3 h3 65. Bg1 Kf3 66. a4 Kg2 0-1


[Site "https://www.chess.com"]

[Event "Titled Tuesday Blitz October 12 2021"]
[White "Khusnutdinov, Rustam"]
[Black "Maly, Alexey"]
[WhiteFideId "13701703"]
[BlackFideId "14103184"]
[WhiteElo "2571"]
[BlackElo "2294"]
[Result "1-0"]
[Round "04"]
[TimeControl "180+1"]
[Date "2021.10.12"]
[WhiteClock "0:01:51"]
[BlackClock "0:00:56"]

1. e4 c6 2. Nf3 d5 3. d3 g6 4. Qe2 Bg7 5. g3 dxe4 6. dxe4 e5 7. Bg2 Nd7 8. O-O Ne7 9. a4 a5 10. Na3 O-O 11. Nc4 Qc7 12. Rd1 Nc5 13. b3 Bg4 14. Ba3 b6 15. Qe3 Bxf3 16. Bxf3 Rfd8 17. Nxb6 Qxb6 18. Bxc5 Qb7 19. Rxd8+ Rxd8 20. Bb6 Rd7 21. Bxa5 Bf8 22. Bc3 f6 23. a5 Nc8 24. a6 Qb5 25. Be2 Qb8 26. Bc4+ Kg7 27. Be6 Rc7 28. Bxc8 Rxc8 29. Qd3 Bc5 30. Qd7+ Kh6 31. a7 Qb6 32. Bd2+ g5 33. Qxc8 Bxf2+ 34. Kg2 Qd4 35. Qf5 Qxa1 36. Qxf6+ Kh5 37. Qxg5# 1-0


[Site "https://www.chess.com"]

[Event "Titled Tuesday Blitz October 12 2021"]
[White "Koksik_13"]
[Black "Rasulov, Vugar"]
[BlackFideId "13402390"]
[WhiteElo "2712"]
[BlackElo "2560"]
[Result "1/2-1/2"]
[Round "04"]
[TimeControl "180+1"]
[Date "2021.10.12"]
[WhiteClock "0:00:10"]
[BlackClock "0:00:30"]

1. e4 c5 2. Nf3 d6 3. Bb5+ Bd7 4. Bxd7+ Qxd7 5. O-O Nc6 6. c3 Nf6 7. d4 cxd4 8. cxd4 d5 9. e5 Ng8 10. Nc3 e6 11. Be3 Nge7 12. Qd2 Nf5 13. Ne1 Be7 14. Kh1 O-O 15. f4 f6 16. Nf3 Rac8 17. g4 Nxe3 18. Qxe3 fxe5 19. Nxe5 Nxe5 20. Qxe5 Bf6 21. Qe3 g6 22. Rae1 Rce8 23. g5 Bg7 24. h4 b5 25. Kg2 b4 26. Ne2 a5 27. Ng3 a4 28. h5 Qa7 29. Rd1 Qf7 30. hxg6 Qxg6 31. Qd3 Rc8 32. Qxg6 hxg6 33. Rd2 b3 34. axb3 axb3 35. Kf3 Rc2 36. Rff2 Rfc8 37. Nf1 Rc1 38. Ne3 Rh1 39. Ng4 Rcc1 40. Ne5 Bxe5 41. fxe5 Kf7 42. Rd3 Ke7 43. Kg3 Rhg1+ 44. Kh4 Rc8 45. Rg3 Rd1 46. Rgf3 Rh8+ 47. Kg3 Rg1+ 48. Rg2 Rxg2+ 49. Kxg2 Rh4 50. Rd3 Kd7 51. Kg3 Re4 52. Rxb3 Rxd4 53. Rb7+ Kc6 54. Rg7 Re4 55. Rxg6 Rxe5 56. Rg8 Kd7 57. Kg4 d4 58. g6 Ke7 59. g7 Kf7 60. Rd8 Re4+ 61. Kf3 Re3+ 62. Kf2 Kxg7 63. Rxd4 Rb3 64. Rd2 Kf6 65. Ke2 e5 66. Rc2 Kf5 67. Rc4 Rxb2+ 68. Ke3 Rb3+ 69. Ke2 Rh3 70. Ra4 Rg3 71. Rb4 Ra3 72. Rc4 e4 73. Rc8 Ra6 74. Rf8+ Rf6 75. Rxf6+ Kxf6 76. Ke3 Ke5 77. Ke2 Kd4 78. Kd2 e3+ 79. Ke2 Ke4 80. Ke1 Kf4 81. Ke2 Ke4 82. Ke1 Kd3 83. Kd1 Kd4 84. Ke2 Ke4 1/2-1/2


[Site "https://www.chess.com"]

[Event "Titled Tuesday Blitz October 12 2021"]
[White "Kollars, Dmitrij"]
[Black "Sokolovsky, Yahli"]
[WhiteFideId "12909572"]
[BlackFideId "2820242"]
[WhiteElo "2584"]
[BlackElo "1770"]
[Result "1-0"]
[Round "04"]
[TimeControl "180+1"]
[Date "2021.10.12"]
[WhiteClock "0:01:56"]
[BlackClock "0:01:12"]

1. e4 g6 2. d4 Bg7 3. Nc3 d6 4. Be3 a6 5. h4 h5 6. Nh3 b5 7. Ng5 Bb7 8. g4 hxg4 9. Qxg4 Nf6 10. Qg2 e5 11. O-O-O Qe7 12. dxe5 dxe5 13. Be2 Nbd7 14. Nd5 Nxd5 15. exd5 Nf6 16. Bf3 O-O-O 17. d6 Bxf3 18. Qxf3 Rxd6 19. Rxd6 e4 20. Qh3+ 1-0


[Site "https://www.chess.com"]

[Event "Titled Tuesday Blitz October 12 2021"]
[White "Langrock, Hannes"]
[Black "Demidov, Mikhail"]
[WhiteFideId "4655290"]
[BlackFideId "4197143"]
[WhiteElo "2325"]
[BlackElo "2527"]
[Result "1/2-1/2"]
[Round "04"]
[TimeControl "180+1"]
[Date "2021.10.12"]
[WhiteClock "0:00:52"]
[BlackClock "0:00:29"]

1. d4 g6 2. c4 Bg7 3. Nc3 c5 4. Nf3 cxd4 5. Nxd4 Nc6 6. Nxc6 bxc6 7. Qc2 Nf6 8. g3 O-O 9. Bg2 Rb8 10. O-O c5 11. b3 d6 12. Bg5 h6 13. Bxf6 Bxf6 14. Rad1 Bg7 15. Nd5 e6 16. Nc3 Qe7 17. Rd2 Rd8 18. Rfd1 f5 19. e3 h5 20. h4 Be5 21. Ne2 a5 22. a4 Bb7 23. Bxb7 Qxb7 24. f4 Bg7 25. Rxd6 Rxd6 26. Rxd6 Qxb3 27. Qxb3 Rxb3 28. Rxe6 Kf7 29. Ra6 Rxe3 30. Ra7+ Kg8 31. Kf2 Re4 32. Rxa5 Rxc4 33. Ra8+ Kf7 34. Ra7+ Kg8 35. Ra8+ Kf7 36. Ra7+ Kf8 37. Ra8+ Ke7 38. Ra7+ Kf6 39. Ra6+ Kf7 40. Ra7+ 1/2-1/2


[Site "https://www.chess.com"]

[Event "Titled Tuesday Blitz October 12 2021"]
[White "Lazavik, Denis"]
[Black "Korchmar, Vasiliy"]
[WhiteFideId "13515110"]
[BlackFideId "24131750"]
[WhiteElo "2436"]
[BlackElo "2370"]
[Result "1-0"]
[Round "04"]
[TimeControl "180+1"]
[Date "2021.10.12"]
[WhiteClock "0:00:26"]
[BlackClock "0:00:06"]

1. d4 Nf6 2. c4 g6 3. g3 Bg7 4. Bg2 O-O 5. Nc3 d6 6. Nf3 Nbd7 7. O-O e5 8. e4 exd4 9. Nxd4 Re8 10. h3 Nc5 11. Re1 Bd7 12. Rb1 a5 13. b3 h6 14. Bb2 c6 15. Qd2 Qb6 16. Nc2 Rad8 17. Kh2 Be6 18. f4 d5 19. cxd5 cxd5 20. e5 Nfe4 21. Qe3 Qa6 22. Rbd1 Nxc3 23. Bxc3 Ne4 24. Bb2 a4 25. Nd4 a3 26. Ba1 Rc8 27. Rc1 h5 28. b4 Bf5 29. Bf1 Qa8 30. Nb5 Rxc1 31. Rxc1 Rc8 32. Qxa3 Qb8 33. Qa7 Qxa7 34. Rxc8+ Bxc8 35. Nxa7 Bd7 36. Bb5 Bf5 37. Bd4 Bh6 38. h4 Bf8 39. a3 Nd2 40. Be2 Nb1 41. Nb5 Bd7 42. Bd3 Bxb5 43. Bxb1 Ba4 44. Ba2 Bc6 45. Kg2 Be7 46. Kf3 Kf8 47. Ke3 Ke8 48. Bc5 Bd8 49. Kd4 b6 50. Bd6 1-0


[Site "https://www.chess.com"]

[Event "Titled Tuesday Blitz October 12 2021"]
[White "Lewtak, Damian"]
[Black "Deac, Bogdan-Daniel"]
[WhiteFideId "1141724"]
[BlackFideId "1226380"]
[WhiteElo "2203"]
[BlackElo "2605"]
[Result "0-1"]
[Round "04"]
[TimeControl "180+1"]
[Date "2021.10.12"]
[WhiteClock "0:00:02"]
[BlackClock "0:00:02"]

1. d4 Nf6 2. c3 g6 3. Bf4 Bg7 4. h3 d6 5. Nd2 O-O 6. e4 e5 7. dxe5 Nh5 8. Be3 dxe5 9. Ngf3 Nf4 10. Nc4 Qe7 11. g3 Ne6 12. Ncxe5 Nc5 13. Qd5 Nba6 14. b4 Nd7 15. Bxa6 Nxe5 16. Nxe5 Qxe5 17. Bxb7 Qxc3+ 18. Ke2 Be6 19. Qc5 Qb2+ 20. Kf3 Rab8 21. Bd5 Rxb4 22. Rab1 Bxd5 23. Qxb4 Qf6+ 24. Kg2 Bxa2 25. Rbd1 Be6 26. Bd4 Qg5 27. Bxg7 Kxg7 28. Qd4+ Kg8 29. Qxa7 Qe7 30. Qd4 c5 31. Qd6 Qb7 32. Qxc5 Qxe4+ 33. f3 Qe2+ 34. Qf2 Qb5 35. Rhe1 Rc8 36. Rd2 Qf5 37. g4 Qf6 38. Qe3 Rc3 39. Qe4 h5 40. Red1 Kg7 41. gxh5 Qg5+ 42. Kf2 Rc4 43. Rd4 Rc3 44. R1d2 Qxh5 45. h4 Qc5 46. Kg2 Rc1 47. R4d3 Qg1# 0-1


[Site "https://www.chess.com"]

[Event "Titled Tuesday Blitz October 12 2021"]
[White "Mikhalevski, Victor"]
[Black "Le, Tuan Minh"]
[WhiteFideId "2801914"]
[BlackFideId "12401153"]
[WhiteElo "2577"]
[BlackElo "2450"]
[Result "0-1"]
[Round "04"]
[TimeControl "180+1"]
[Date "2021.10.12"]
[WhiteClock "0:00:02"]
[BlackClock "0:00:13"]

1. Nf3 Nf6 2. g3 d5 3. Bg2 Bg4 4. O-O c6 5. h3 Bh5 6. c4 e6 7. cxd5 Bxf3 8. Bxf3 cxd5 9. Qb3 Qd7 10. d3 Nc6 11. Bg2 Rc8 12. Nc3 Bd6 13. e4 dxe4 14. dxe4 O-O 15. Rd1 Qe7 16. Bg5 Bc5 17. Ne2 h6 18. Bd2 Bb6 19. Rac1 Rfd8 20. Bc3 Nd7 21. Qa3 Qg5 22. Bd2 Qf6 23. Be3 Bxe3 24. Qxe3 Qxb2 25. Rb1 Qxa2 26. Rxb7 Nf6 27. Rdb1 Ne5 28. Nf4 Rd7 29. Bf1 Qc2 30. R7b4 Rc3 31. R1b2 Qxb2 32. Rxb2 Rxe3 33. fxe3 g5 34. Ne2 Nxe4 35. Bg2 Rd1+ 36. Kh2 Rd2 37. Rxd2 Nxd2 38. Nc3 Ndc4 39. e4 a5 40. Bf1 Nb6 41. Bb5 Kf8 42. Kg2 Ke7 43. Kf2 Kd6 44. Ke3 Kc5 45. Be8 Kb4 46. Nb5 Nbc4+ 47. Kd4 a4 48. Nc3 Nf3+ 49. Kd3 Ne1+ 50. Kd4 e5+ 0-1


[Site "https://www.chess.com"]

[Event "Titled Tuesday Blitz October 12 2021"]
[White "Nguyen, Ngoc Truong Son"]
[Black "Tang, Andrew"]
[WhiteFideId "12401110"]
[BlackFideId "2059630"]
[WhiteElo "2596"]
[BlackElo "2588"]
[Result "1-0"]
[Round "04"]
[TimeControl "180+1"]
[Date "2021.10.12"]
[WhiteClock "0:02:17"]
[BlackClock "0:01:34"]

1. d4 d5 2. Nf3 e6 3. Bf4 Nf6 4. e3 Bd6 5. Bd3 O-O 6. Nbd2 b6 7. Qe2 c5 8. Bxd6 Qxd6 9. e4 c4 10. Bxc4 dxc4 11. e5 Qb4 12. exf6 Qxb2 13. O-O Qxc2 14. fxg7 Rd8 15. Ne5 Rxd4 16. Qf3 1-0


[Site "https://www.chess.com"]

[Event "Titled Tuesday Blitz October 12 2021"]
[White "Nigmatov, Ortik"]
[Black "Ibrahimli, Murad"]
[WhiteFideId "14202131"]
[BlackFideId "13410229"]
[WhiteElo "2346"]
[BlackElo "2109"]
[Result "1-0"]
[Round "04"]
[TimeControl "180+1"]
[Date "2021.10.12"]
[WhiteClock "0:01:55"]
[BlackClock "0:00:36"]

1. e4 e5 2. Nf3 Nc6 3. Bc4 Bc5 4. c3 Nf6 5. d3 d6 6. O-O a6 7. Nbd2 O-O 8. Bb3 Ba7 9. h3 Ne7 10. Re1 Ng6 11. Nf1 h6 12. Ng3 c6 13. d4 Re8 14. Bc2 Qe7 15. Be3 Qf8 16. Nf5 d5 17. dxe5 Nxe5 18. Bxa7 Nxf3+ 19. Qxf3 dxe4 20. Nxh6+ Kh8 21. Qe3 gxh6 22. Bd4 Qg7 23. Qf4 Re6 24. Rxe4 1-0


[Site "https://www.chess.com"]

[Event "Titled Tuesday Blitz October 12 2021"]
[White "Nogerbek, Kazybek"]
[Black "Karttunen, Mika"]
[WhiteFideId "13710427"]
[BlackFideId "502081"]
[WhiteElo "2436"]
[BlackElo "2343"]
[Result "1-0"]
[Round "04"]
[TimeControl "180+1"]
[Date "2021.10.12"]
[WhiteClock "0:00:12"]
[BlackClock "0:00:14"]

1. d4 Nf6 2. c4 g6 3. Nc3 d5 4. cxd5 Nxd5 5. e4 Nxc3 6. bxc3 Bg7 7. Qa4+ Nd7 8. Nf3 O-O 9. Be2 c5 10. O-O Qc7 11. Qa3 e5 12. Rd1 exd4 13. cxd4 cxd4 14. Bb2 Qc5 15. Rac1 Qxa3 16. Bxa3 Re8 17. Bb5 Rxe4 18. Rxc8+ Rxc8 19. Bxd7 Rc2 20. h3 b6 21. Bb5 Rxa2 22. Bd6 Rb2 23. Bd3 Re6 24. Bf4 a5 25. Rc1 Re8 26. Rc7 h6 27. Ra7 Rc8 28. Ne5 Bxe5 29. Bxe5 Rb3 30. Bc4 Rb4 31. Bxf7+ Kf8 32. Bd6+ Kg7 33. Be6+ Kf6 34. Bxc8 Rb1+ 35. Kh2 d3 36. Bf4 g5 37. Be3 Re1 38. Ba6 Rxe3 39. fxe3 1-0


[Site "https://www.chess.com"]

[Event "Titled Tuesday Blitz October 12 2021"]
[White "Obregon, Andres Carlos"]
[Black "Nakamura, Hikaru"]
[WhiteFideId "111724"]
[BlackFideId "2016192"]
[WhiteElo "2572"]
[BlackElo "2884"]
[Result "1/2-1/2"]
[Round "04"]
[TimeControl "180+1"]
[Date "2021.10.12"]
[WhiteClock "0:00:08"]
[BlackClock "0:00:09"]

1. e4 c5 2. Nf3 d6 3. d4 cxd4 4. Nxd4 Nf6 5. Nc3 a6 6. h4 b5 7. a4 b4 8. Nd5 Nxe4 9. Qf3 Nc5 10. Bc4 Bb7 11. Bg5 Nbd7 12. O-O-O Ne5 13. Qe2 Rc8 14. Bxe7 Bxe7 15. Nxe7 Qxe7 16. Nf5 Ned3+ 17. Bxd3 Qxe2 18. Bxe2 Rc7 19. Nxd6+ Ke7 20. Nxb7 Rxb7 21. Rhe1 Rb6 22. Bxa6+ Kf6 23. Bb5 Rc8 24. Kb1 b3 25. cxb3 Nxb3 26. Rd3 Na5 27. Rf3+ Kg6 28. Bd3+ Kh6 29. Rxf7 Rd8 30. Bb5 Rd2 31. g4 Nb3 32. g5+ Kg6 33. Ree7 Nd4 34. Rxg7+ Kf5 35. Rgf7+ Kg4 36. Re4+ Kh3 37. Rxh7 Nxb5 38. Re3+ Kg2 39. axb5 Rxb5 40. b3 Rc5 41. Rhe7 Rcc2 42. g6 Rb2+ 43. Kc1 Rbc2+ 44. Kb1 Rb2+ 45. Kc1 Rbc2+ 46. Kb1 1/2-1/2


[Site "https://www.chess.com"]

[Event "Titled Tuesday Blitz October 12 2021"]
[White "Ohanyan, Emin"]
[Black "Tabatabaei, M. Amin"]
[WhiteFideId "13312022"]
[BlackFideId "12521213"]
[WhiteElo "1809"]
[BlackElo "2555"]
[Result "0-1"]
[Round "04"]
[TimeControl "180+1"]
[Date "2021.10.12"]
[WhiteClock "0:00:02"]
[BlackClock "0:00:49"]

1. e4 c6 2. d4 d5 3. Nc3 g6 4. h3 Bg7 5. Nf3 dxe4 6. Nxe4 Nf6 7. Bd3 O-O 8. O-O Nxe4 9. Bxe4 Nd7 10. c3 Nf6 11. Bc2 Bf5 12. Re1 Bxc2 13. Qxc2 e6 14. Bg5 Qd5 15. Bxf6 Bxf6 16. Qb3 b5 17. Ne5 Rfc8 18. Nd3 a5 19. Nc5 Be7 20. Nd3 Rd8 21. Qc2 Bd6 22. Qe2 b4 23. Rec1 Rab8 24. Qc2 Bf8 25. Nf4 Qd6 26. Qe4 bxc3 27. bxc3 Rb2 28. Nd3 Rd2 29. Qe3 Rxd3 30. Qxd3 c5 31. Rd1 Qc7 32. Qc4 Qf4 33. g3 Qe4 34. Qd3 Qa8 35. Qe2 Rc8 36. dxc5 Bxc5 37. c4 h5 38. Rd7 Qc6 39. Rad1 Bf8 40. R7d4 a4 41. h4 a3 42. Qe4 Qc5 43. Rd8 Qxc4 0-1


[Site "https://www.chess.com"]

[Event "Titled Tuesday Blitz October 12 2021"]
[White "Ozates, Tuna"]
[Black "Bordi, Kevin"]
[WhiteFideId "6354521"]
[BlackFideId "621862"]
[WhiteElo "1872"]
[BlackElo "2751"]
[Result "0-1"]
[Round "04"]
[TimeControl "180+1"]
[Date "2021.10.12"]
[WhiteClock "0:00:43"]
[BlackClock "0:00:26"]

1. d4 d5 2. Bf4 c5 3. e4 cxd4 4. Qxd4 Nc6 5. Qxd5 Qb6 6. Bb5 Nf6 7. Qd3 Nxe4 8. Be3 Qa5+ 9. b4 Qxb4+ 10. c3 Qb2 11. Bxc6+ bxc6 12. Qxe4 Qxa1 13. Qxc6+ Kd8 14. Qe4 Rb8 15. Qd5+ Ke8 16. Nf3 Qxb1+ 17. Ke2 Qb5+ 18. Qxb5+ Rxb5 19. Nd4 Rb2+ 20. Kd3 e5 21. Nb3 Bf5+ 22. Kc4 Rxa2 23. Rd1 Be6+ 24. Kb5 Bxb3 0-1


[Site "https://www.chess.com"]

[Event "Titled Tuesday Blitz October 12 2021"]
[White "Ozen, Bahadir"]
[Black "Van Foreest, Jorden"]
[WhiteFideId "6337058"]
[BlackFideId "1039784"]
[WhiteElo "2503"]
[BlackElo "2600"]
[Result "0-1"]
[Round "04"]
[TimeControl "180+1"]
[Date "2021.10.12"]
[WhiteClock "0:00:07"]
[BlackClock "0:00:42"]

1. d4 a6 2. e4 b5 3. Nf3 Bb7 4. Bd3 e6 5. O-O c5 6. c3 Be7 7. a4 cxd4 8. axb5 axb5 9. Rxa8 Bxa8 10. cxd4 Nf6 11. e5 Nd5 12. Bxb5 O-O 13. Nc3 Qa5 14. Qa4 Qxa4 15. Bxa4 Rc8 16. Bd2 Nb6 17. Bb5 Nc4 18. Bc1 d6 19. Bxc4 Rxc4 20. exd6 Bxd6 21. Be3 Rb4 22. Ra1 Bb7 23. Ra2 Nd7 24. Ne1 h6 25. Nd3 Rc4 26. f3 Nf6 27. Ra7 Nd5 28. Rxb7 Nxe3 29. Kf2 Nf5 30. g4 Nxd4 31. Rd7 Bxh2 32. Rd8+ Kh7 33. Rd7 f5 34. gxf5 Nxf5 35. Ne4 Rc2+ 36. Ke1 h5 37. b4 h4 38. b5 h3 39. Ng5+ Kg6 40. Nxh3 Bg3+ 41. Kf1 Ne3+ 42. Kg1 Rg2+ 43. Kh1 Rh2+ 44. Kg1 Rxh3 45. b6 Rh2 46. b7 Rg2+ 47. Kh1 Ra2 48. Nf2 Ra1+ 49. Nd1 Rxd1+ 0-1


[Site "https://www.chess.com"]

[Event "Titled Tuesday Blitz October 12 2021"]
[White "Quizon, Daniel"]
[Black "Vokhidov, Shamsiddin"]
[WhiteFideId "5217911"]
[BlackFideId "14204223"]
[WhiteElo "2329"]
[BlackElo "2616"]
[Result "0-1"]
[Round "04"]
[TimeControl "180+1"]
[Date "2021.10.12"]
[WhiteClock "0:00:03"]
[BlackClock "0:00:09"]

1. e4 c5 2. Nc3 Nc6 3. g3 g6 4. Bg2 Bg7 5. Nge2 d6 6. d3 e6 7. Be3 Nd4 8. Qd2 Ne7 9. O-O O-O 10. Nd1 b5 11. c3 Nxe2+ 12. Qxe2 Rb8 13. Qd2 b4 14. Bh6 bxc3 15. bxc3 Qa5 16. Bxg7 Kxg7 17. Ne3 Ba6 18. f4 Rb6 19. f5 exf5 20. exf5 f6 21. fxg6 hxg6 22. Ng4 Ng8 23. Rae1 Bc8 24. Ne3 Rb8 25. Nc4 Qc7 26. Qf4 g5 27. Qxd6 Qxd6 28. Nxd6 Ba6 29. c4 Rfd8 30. Nf5+ Kf8 31. Bd5 Rd7 32. Nh6 Nxh6 33. Rxf6+ Kg7 34. Rxa6 Ng4 35. Rf1 Ne3 36. Be6 Re7 37. Rf3 Rb1+ 38. Kf2 Nd1+ 39. Ke2 Reb7 40. Rf5 R7b2+ 41. Kf3 Rf2+ 42. Ke4 Nc3+ 43. Ke5 Re2+ 44. Kd6 Rd1 45. Rxa7+ Kg6 46. Ke7 Rxd3 47. Rf6+ Kg7 48. Ra8 Rd7+ 49. Kxd7 Kxf6 50. Rf8+ Ke5 51. Bg4 Rxh2 52. Kc6 Ne4 53. Re8+ Kd4 54. Bf5 Nxg3 55. Be6 Rxa2 56. Bd5 Nf5 57. Re4+ Kc3 58. Rg4 Nd4+ 59. Kb6 Nb3 60. Rg3+ Kb4 61. Rxg5 Ra1 62. Rg8 Rf1 63. Rg6 Rf8 64. Kc7 Na5 65. Rb6+ Kc3 66. Rb5 Nb3 67. Kd6 Rf6+ 68. Ke5 Rh6 69. Be6 Nd4 0-1


[Site "https://www.chess.com"]

[Event "Titled Tuesday Blitz October 12 2021"]
[White "Rozen, Eytan"]
[Black "Gupta, Abhijeet"]
[WhiteFideId "2816750"]
[BlackFideId "5010608"]
[WhiteElo "2115"]
[BlackElo "2549"]
[Result "0-1"]
[Round "04"]
[TimeControl "180+1"]
[Date "2021.10.12"]
[WhiteClock "0:00:18"]
[BlackClock "0:01:28"]

1. c4 Nf6 2. Nc3 e5 3. Nf3 Nc6 4. d3 Bb4 5. e4 d6 6. Be2 O-O 7. O-O a5 8. h3 Bc5 9. Be3 b6 10. Nd5 h6 11. a3 Re8 12. Qd2 a4 13. Bxh6 gxh6 14. Qxh6 Nh7 15. Kh1 Re6 16. Qh5 Kg7 17. Nh4 Rh6 18. Nf5+ Bxf5 19. Qxf5 Nd4 20. Qg4+ Rg6 21. Qh5 Rg5 22. Qh4 Nxe2 23. f4 Ng3+ 0-1


[Site "https://www.chess.com"]

[Event "Titled Tuesday Blitz October 12 2021"]
[White "Rustemov, Alexander"]
[Black "Erdogmus, Yagiz Kaan"]
[WhiteFideId "4119002"]
[BlackFideId "44599790"]
[WhiteElo "2800"]
[BlackElo "1783"]
[Result "1-0"]
[Round "04"]
[TimeControl "180+1"]
[Date "2021.10.12"]
[WhiteClock "0:00:23"]
[BlackClock "0:00:09"]

1. d4 Nf6 2. c4 g6 3. Nf3 Bg7 4. g3 O-O 5. Bg2 d6 6. O-O c6 7. Nc3 Qa5 8. e4 Qh5 9. Ng5 h6 10. Qxh5 Nxh5 11. Nf3 Bg4 12. Be3 Nf6 13. h3 Be6 14. b3 a5 15. Rac1 Na6 16. Rfd1 Rfb8 17. Ne1 Ne8 18. f4 f6 19. g4 Nac7 20. Nd3 f5 21. gxf5 gxf5 22. e5 Bf7 23. Kf2 Ra6 24. Bf3 b5 25. c5 b4 26. Na4 Nd5 27. cxd6 exd6 28. Rc2 dxe5 29. dxe5 Nec7 30. Rdc1 Be8 31. Bc5 Rb7 32. Bd6 Rb5 33. Bxc7 Nxc7 34. Bxc6 Bxc6 35. Rxc6 Rxc6 36. Rxc6 Rd5 37. Ke3 Nb5 38. Rc5 Rxc5 39. Ndxc5 Bf8 40. Nb7 Be7 41. Nxa5 Kf7 42. Nc6 Bf8 43. Nd4 Na3 44. Nxf5 Ke6 45. Ke4 Nb5 46. Nd4+ Nxd4 47. Kxd4 Kf5 48. Ke3 Be7 49. Kf3 Bd8 50. Nb2 Bb6 51. Nc4 Bd4 52. Nd6+ Ke6 53. Ke4 Bc5 54. f5+ Kd7 55. Kd5 Be3 56. f6 Bg5 57. e6+ Kd8 58. e7+ Kd7 59. e8=Q+ Kc7 60. Qc8+ Kb6 61. Qb7+ Ka5 62. Qb5# 1-0


[Site "https://www.chess.com"]

[Event "Titled Tuesday Blitz October 12 2021"]
[White "Shuvalov, Evgenij"]
[Black "Shipov, Sergei"]
[WhiteFideId "4187237"]
[BlackFideId "4113624"]
[WhiteElo "2129"]
[BlackElo "2834"]
[Result "0-1"]
[Round "04"]
[TimeControl "180+1"]
[Date "2021.10.12"]
[WhiteClock "0:00:02"]
[BlackClock "0:00:17"]

1. Nf3 d5 2. c4 e6 3. g3 dxc4 4. Bg2 c6 5. O-O b5 6. d3 cxd3 7. Ne5 Bb7 8. Nxd3 Nf6 9. a4 a6 10. Nd2 Nbd7 11. Nb3 Be7 12. Bd2 O-O 13. Na5 Qb6 14. Nxb7 Qxb7 15. Qc2 Rfc8 16. Rfc1 Nd5 17. e4 N5b6 18. a5 Nc4 19. Bc3 Qc7 20. b3 Nce5 21. Nxe5 Nxe5 22. f4 Nd7 23. e5 Rab8 24. Be4 g6 25. h4 Nc5 26. Bf3 Rd8 27. Rd1 Rxd1+ 28. Rxd1 Rd8 29. h5 Rxd1+ 30. Qxd1 Nd7 31. hxg6 hxg6 32. Be4 c5 33. Kg2 Nf8 34. Qd3 c4 35. bxc4 bxc4 36. Qd4 Nd7 37. Qd2 Nc5 38. Bc2 Qc6+ 39. Kh2 Qf3 40. Qg2 Qxc3 0-1


[Site "https://www.chess.com"]

[Event "Titled Tuesday Blitz October 12 2021"]
[White "Sviridov, Valery"]
[Black "Gaehwiler, Gabriel"]
[WhiteFideId "4120680"]
[BlackFideId "1314530"]
[WhiteElo "2454"]
[BlackElo "2320"]
[Result "1/2-1/2"]
[Round "04"]
[TimeControl "180+1"]
[Date "2021.10.12"]
[WhiteClock "0:01:25"]
[BlackClock "0:00:42"]

1. Nf3 Nf6 2. g3 b6 3. Bg2 Bb7 4. O-O g6 5. c4 Bg7 6. Nc3 O-O 7. d4 Ne4 8. Qd3 Nxc3 9. Qxc3 c5 10. Be3 Bxf3 11. Bxf3 Nc6 12. Bxc6 dxc6 13. Rad1 Qd7 14. Qd3 cxd4 15. Bxd4 Rfd8 16. Bxg7 Qxd3 17. Rxd3 Rxd3 18. exd3 Kxg7 19. Rd1 Rd8 20. Kf1 e5 21. Ke2 Kf6 22. b4 Ke6 23. a4 f5 24. b5 c5 25. a5 Rd4 26. axb6 axb6 27. Ra1 e4 28. dxe4 fxe4 29. Ra6 Rxc4 30. Rxb6+ Kd5 31. Rb7 Rb4 32. Rd7+ Ke5 33. Rxh7 Rxb5 34. Rg7 Rb2+ 35. Ke3 Rb3+ 36. Kd2 c4 37. Rxg6 Rb2+ 38. Ke3 Rb3+ 39. Ke2 Rb2+ 40. Ke3 Rb3+ 41. Kd2 Rb2+ 42. Kc3 Rxf2 43. Rg5+ Kf6 44. h4 e3 45. Rg8 Kf7 46. Rg4 e2 47. Re4 Rf3+ 48. Kxc4 Rxg3 49. Rxe2 Rg4+ 50. Kd5 Rxh4 51. Re4 Rxe4 52. Kxe4 1/2-1/2


[Site "https://www.chess.com"]